 Dungeon Crawl Stone Soup version 0.31-a0-806-g0bc164a743 (webtiles) character file.

Game seed: 12276001921936790616

315 pokeman the Magician (level 6, -1/34 HPs)
             Began as a Deep Elf Hedge Wizard on Sept 20, 2023.
             Slain by a gnoll
             ... wielding a +0 whip
             ... led by a gnoll bouda
              (7 damage)
             ... on level 4 of the Dungeon.
             The game lasted 00:05:54 (3967 turns).

pokeman the Magician (Deep Elf Hedge Wizard)        Turns: 3967, Time: 00:05:55

Health: -1/34      AC:  5    Str:  7    XL:     6   Next: 19%
Magic:  4/17       EV: 13    Int: 21    God:
Gold:   194        SH:  0    Dex: 14    Spells: 7/18 levels left

rFire   . . .        a - +0 dagger
rCold   . . .        (no shield)
rNeg    . . .        b - +0 robe
rPois   .            m - +0 helmet
rElec   .            (no cloak)
rCorr   .            j - +0 pair of gloves
SInv    .            h - +0 pair of boots
Will    .....        (no amulet)
Stlth   ++           (no ring)
HPRegen 0.25/turn    (no ring)
MPRegen 0.15/turn

%: no passive effects
@: no status effects
A: no striking features
a: no special abilities


You were on level 4 of the Dungeon.
You visited 1 branch of the dungeon, and saw 4 of its levels.

You collected 194 gold pieces.

Inventory:

Hand Weapons
 a - a +0 dagger (weapon)
Armour
 b - a +0 robe (worn)
 h - a +0 pair of boots (worn)
 j - a +0 pair of gloves (worn)
 m - a +0 helmet (worn)
Magical Staves
 i - a staff of fire
Jewellery
 e - a ring of ice
Wands
 p - a wand of charming (11)
Scrolls
 c - a scroll of enchant weapon {unknown}
 f - a scroll of teleportation {unknown}
 g - a scroll of poison {unknown}
 n - a scroll of blinking {unknown}
 o - 3 scrolls of identify {unknown}
 r - a scroll of enchant armour {unknown}
Potions
 d - a potion of magic
 k - a potion of curing {unknown}
 l - a potion of attraction {unknown}
 q - a potion of ambrosia {unknown}


   Skills:
 - Level 1.0 Fighting
 - Level 1.0 Armour
 - Level 3.0 Dodging
 - Level 3.0 Stealth
 * Level 6.8 Spellcasting
 + Level 3.1 Conjurations
 - Level 1.1 Summonings
 - Level 1.1 Translocations
 + Level 1.6 Transmutations
 + Level 1.7 Evocations


You had 7 spell levels left.
You knew the following spells:

 Your Spells              Type           Power      Damage    Failure   Level
a - Magic Dart            Conj           80%        1d7       2%          1
b - Mephitic Cloud        Conj/Pois/Air  11%        N/A       17%         3
c - Call Imp              Summ           22%        N/A       9%          2
d - Blink                 Tloc           22%        N/A       9%          2
e - Ignite Poison         Fire/Tmut/Pois 9%         N/A       22%         3

Your spell library contained the following spells:

 Spells                   Type           Power      Damage    Failure   Level
 Kiss of Death            Conj/Necr      52%        2d9       4%          1
 Slow                     Hex            28%        N/A       9%          1
 Lesser Beckoning         Tloc           22%        N/A       9%          2
 Cigotuvi's Dreadful Rot  Necr/Pois/Air  14%        N/A       14%         2
 Gell's Gravitas          Tloc           11%        N/A       17%         3
 Teleport Other           Tloc           11%        N/A       17%         3
 Conjure Ball Lightning   Conj/Air       6%         3x3d6     100%        6
 Chain Lightning          Conj/Air       6%         3d8       100%        9


Dungeon Overview and Level Annotations

Branches:
Dungeon (4/15)
 Temple: D:4-7

Altars:

Shops:
D:4 !


Message History

Found a viscous puce potion.
Found a scroll labelled GIRAWN ABYECAH.
The gnoll hits the giant cockroach but does no damage.
Casting: Magic Dart (safe; 2% risk of failure)
Confirm with . or Enter, or press ? or * to list all spells.
Aiming: Mephitic Cloud (quite dangerous; 19% risk of failure)
Press: ? - help, Shift-Dir - straight line, f - gnoll
Aim: a gnoll, wielding a +0 flail (confused, chance to affect: 91%)
The ball explodes into a vile cloud!
The stinking cloud engulfs the gnoll but does no damage.
The stinking cloud engulfs the giant cockroach but does no damage.
The giant cockroach is moderately wounded.
You hear a shout! x3
The gnoll is engulfed in noxious fumes.
The gnoll appears confused.
The giant cockroach is engulfed in noxious fumes.
The giant cockroach appears confused.
The giant cockroach bites the gnoll but does no damage.
The giant cockroach bites itself but does no damage.
Your magical contamination has completely faded away.
Casting: Mephitic Cloud (quite dangerous; 19% risk of failure)
Confirm with . or Enter, or press ? or * to list all spells.
You ignite the poison in your surroundings!
The gnoll is engulfed in blazing flames.
You kill the gnoll!
A gnoll comes into view. It is wielding a +0 spear.
Unknown command.
Unknown command.
The giant cockroach is engulfed in blazing flames.
You kill the giant cockroach!
Casting: Ignite Poison (quite dangerous; 22% risk of failure)
Confirm with . or Enter, or press ? or * to list all spells.
Okay, then.
Unknown command.
You see here a scroll labelled GIRAWN ABYECAH.
Found Sadaf's Distillery.
The gnoll shouts!
The gnoll hits you from afar with a +0 halberd.
* * * LOW HITPOINT WARNING * * *
The gnoll attacks as it pursues you! The gnoll hits you with a +0 whip!
You die...

#..........).g###########
#..?..g.S.###.g.S........
#.########..#####<.......
###g####.......#
#$.......
#..............#
#........
#.#.####..#+#(.#
#........ #..#.# #g.#
..####)....... #. ..#
#..###..............
....#####..g@..##.
#........
.#.#........[....#
........!
#...#........g.....∩.. ..
#....(.....####.#.
.......)<## .. .......†.#
# .#.....### .......
.......


You could see 3 gnolls.

Vanquished Creatures
  An ogre (D:4)
  A gnoll bouda (D:4)
  2 iguanas
  3 gnolls
  5 adders
  3 worms
  A dart slug (D:1)
  5 bats
  7 endoplasms
  6 giant cockroaches
  4 goblins
  6 hobgoblins
  7 kobolds
  3 quokkas
  7 ball pythons
  4 frilled lizards
  5 rats
70 creatures vanquished.

Notes
Turn   | Place    | Note
-------+----------+-------------------------------------------
     0 | D:1      | pokeman the Deep Elf Hedge Wizard began the quest for the
                  | Orb.
     0 | D:1      | Reached XP level 1. HP: 10/10 MP: 7/7
   513 | D:1      | Reached XP level 2. HP: 15/15 MP: 2/9
   705 | D:1      | Reached skill level 5 in Spellcasting
   914 | D:1      | Reached XP level 3. HP: 20/20 MP: 4/11
   918 | D:1      | Learned a level 3 spell: Mephitic Cloud
   921 | D:1      | Learned a level 2 spell: Call Imp
   925 | D:1      | Learned a level 2 spell: Blink
  1183 | D:1      | Got a lithographed book
  1188 | D:1      | Learned a level 3 spell: Ignite Poison
  1735 | D:2      | Reached skill level 1 in Armour
  1790 | D:2      | Reached skill level 1 in Fighting
  2434 | D:2      | Reached XP level 4. HP: 25/25 MP: 10/13
  3404 | D:3      | Reached skill level 6 in Spellcasting
  3691 | D:3      | Reached XP level 5. HP: 27/29 MP: 9/15
  3791 | D:4      | Noticed an ogre
  3799 | D:4      | Killed an ogre
  3800 | D:4      | Reached skill level 1 in Transmutations
  3800 | D:4      | Reached skill level 1 in Evocations
  3821 | D:4      | Reached XP level 6. HP: 34/34 MP: 2/17
  3939 | D:4      | HP: 1/34 [frozen (4)]
  3963 | D:4      | Found Sadaf's Distillery.
  3967 | D:4      | Slain by a gnoll

Illustrated notes

Levels and vault maps discovered:
D:1:      lemuel_arrival_hallway, layout_loops_corners
D:2:      layout_loops_ring
D:3:      layout_basic
D:4:      layout_rooms, kennysheep_little_box, kennysheep_mini_moat,
          minmay_temple_entry_overgrown, serial_shops, nicolae_shop_crystal,
          chequers_serial_rivers_small_3

Skill      XL: |  1  2  3  4  5 |
---------------+----------------+-----
Spellcasting   | 5 6 |  6.8
Armour         | 1 |  1.0
Fighting       | 1 |  1.0
Conjurations   | 2 3 |  3.1
Stealth        | 3 |  3.0
Dodging        | 3 |  3.0
Transmutations | 1 |  1.6
Evocations     | 1 |  1.7
Summonings     | |  1.1
Translocations | |  1.1

Action                     |  1- 3 |  4- 6 || total
---------------------------+-------+-------++-------
  Melee: Dagger            |     2 |    18 ||    20
   Cast: Magic Dart        |   121 |    55 ||   176
         Mephitic Cloud    |       |     8 ||     8
         Ignite Poison     |       |     5 ||     5
   Stab: Confused          |       |     1 ||     1
         Sleeping          |       |     1 ||     1
 Armour: Robe              |    14 |    17 ||    31
  Dodge: Dodged            |    17 |    11 ||    28

Table legend: (Time is in decaauts)
 A = Elapsed time spent in this place.
 B = Non-inter-level travel time spent in this place.
 C = Inter-level travel time spent in this place.
 D = Time resting spent in this place.
 E = Time spent auto-exploring this place.
 F = Levels seen in this place.
 G = Mean time per level.
                   A        B        C        D        E       F      G
               +--------+--------+--------+--------+--------+-----+--------+
         Total |   3966 |   3856 |    110 |    163 |   3233 |   4 |  991.5 |
       Dungeon |   3966 |   3856 |    110 |    163 |   3233 |   4 |  991.5 |
               +--------+--------+--------+--------+--------+-----+--------+

Top non-repeatable levels by time:
     D:1: 1678 daAuts
     D:2: 1119 daAuts
     D:3: 1058 daAuts
     D:4: 110 daAuts
